AoeStats
← gyukii

Arabia

509640673Analyzed
1v1 RM · 6d ago on Sep 27, 2026· 42m 48s· 2 players
Game mode
Random Map
Map size
Tiny (2 player)
Population
200
Speed
Normal
Resources
Standard
Victory
Conquest
Starting age
Dark Age
Ending age
Imperial Age
RankedLock teamsTeams togetherTeam positionsShared explorationLock speedFull tech treeHidden civsTurbo modeCheats
Victory
Defeat
🇨🇳 Franks · China
1158
+16
🇺🇸 Teutons · United States
1158
-16
morningsun
7:06 Loom
9:18 Feudal Age
10:10 Double-Bit Axe
11:56 Horse Collar
15:37 Town Watch
18:42 Padded Archer Armor
21:07 Castle Age
19:37 Fletching
20:56 Scale Barding Armor
21:02 Forging
25:34 Wheelbarrow
25:20 Chain Barding Armor
25:39 Bloodlines
26:28 Heavy Plow
30:04 Iron Casting
33:59 Hand Cart
36:25 Imperial Age
34:28 Scale Mail Armor
35:39 Chain Mail Armor
34:48 Pikeman
36:38 Cavalier
36:47 Halberdier
gyukii
6:20 Loom
9:16 Feudal Age
11:07 Double-Bit Axe
18:48 Wheelbarrow
21:12 Castle Age
21:07 Fletching
24:27 Bow Saw
25:34 Scale Barding Armor
27:13 Gold Mining
31:05 Town Watch
31:35 Hand Cart
31:45 Chain Barding Armor
31:36 Forging
32:33 Bodkin Arrow
36:44 Imperial Age
34:11 Stone Mining
34:56 Gold Shaft Mining
35:51 Husbandry
37:06 Scale Mail Armor
38:34 Plate Barding Armor
37:23 Cavalier
39:59 Iron Casting
39:50 Heavy Mounted Crossbowman
39:51 Cranequins
40:53 Chain Mail Armor
42:23 Padded Archer Armor
43:24 Blast Furnace
Connection lost

Rejoining the realm…

Still unreachable

The connection could not be restored.

Session expired

The server has moved on; the page needs a fresh start.